 Dungeon Sprint DCSS version 0.23-a0-396-g5214e5f (webtiles) character file.

3900000 namelastname112 the Conqueror (level 22, -43/254 HPs)
             Began as a Demonspawn Monk on Nov 2, 2018.
             Was the Champion of Makhleb.
             Annihilated by a destroyer
             ... wielding a +9 great sword of slicing
              (77 damage)
             ... in the Dungeon (Sprint VIII: "Arena of Blood").
             The game lasted 00:01:14 (39 turns).

namelastname112 the Conqueror (Demonspawn Monk)       Turns: 39, Time: 00:01:15

Health: -43/254    AC: 10    Str: 11    XL:     22   Next: 20%
Magic:  21/51      EV: 37    Int: 14    God:    Makhleb [******]
Gold:   0          SH:  0    Dex: 24    Spells: 72/72 levels left

rFire    . . .     SeeInvis .   i - +∞ Axe of Woe
rCold    + . .     Gourm    .   (shield currently unavailable)
rNeg     . . .     Faith    .   a - +0 robe
rPois    .         Spirit   .   (no helmet)
rElec    .         Reflect  .   (no cloak)
rCorr    .         Harm     .   (gloves unavailable)
MR       +....     NoTele   +   (no boots)
Stlth    +++++++++.             (no amulet)
HPRegen  0.52/turn              (no ring)
MPRegen  0.32/turn              (no ring)

@: no status effects
A: claws 3, iridescent scales 3, cold resistance 1, robust 2, spiny 2, freezing
cloud immunity
a: Minor Destruction, Lesser Servant of Makhleb, Major Destruction, Greater
Servant of Makhleb, Renounce Religion


You were in the Dungeon.
You worshipped Makhleb.
Makhleb was exalted by your worship.
You were not hungry.

You visited 1 branch

Inventory:

Hand Weapons
 i - the +∞ Axe of Woe (weapon)
   (You found it in the Dungeon)
Armour
 a - a +0 robe (worn)
Scrolls
 h - a scroll of blinking
Potions
 c - a potion of curing
 d - a potion of heal wounds
 e - a potion of haste
 f - 2 potions of magic
 g - a potion of berserk rage
Comestibles
 b - a ration


   Skills:
 O Level 27 Fighting
 O Level 27 Axes
 + Level 25.7 Throwing
 + Level 25.5 Armour
 O Level 27 Dodging
 O Level 27 Stealth
 O Level 27 Unarmed Combat
 + Level 25.5 Spellcasting
 O Level 27 Invocations


You had 72 spell levels left.
You didn't know any spells.
Your spell library was empty.

Dungeon Overview and Level Annotations

Branches:
Dungeon (1/1)

Altars:
Makhleb

Annotations:
D The Servant


Innate Abilities, Weirdness & Mutations

You have claws for hands.
You are completely covered in iridescent scales. (AC +6)
Your flesh is cold resistant. (rC+)
You are very robust. (+20% HP)
You are mostly covered in sharp spines.
You are immune to freezing clouds.


Message History

The Servant closely misses you.
You hear a shout! x2
The destroyer blinks!
You hear a shout! x2
The destroyer blinks!
You hear a shout! x6
Health restored: 254 2 ogres come into view.
You hear a shout! x2
The destroyer blinks!
You hear a shout!
The destroyer hits you with a +9 great sword of slicing!!!
The destroyer bites you!
The destroyer draws strength from your injuries!
The Servant hits you with a +9 glaive of flaming!!!!
* * * LOW HITPOINT WARNING * * *
The Servant burns you!!
* * * LOW HITPOINT WARNING * * *
The destroyer hits you with a +9 great sword of slicing!!!!
You die...

.. ..... #.. ...#
#.. ...# o .###..
.§.###..
.....§###.o..o.
......_..Oo.
#...))# . #_)<)_#
. ....#V@V)O#....
......@)V)........
......o###........
..###.o .§.###...
. #.. ...# .. #O.
....#


oO. ..... ..oO....... You could see The Servant, 3 destroyers, a large bag of
meat (inner flame), 4 meat berserkers and 7 bags of meat.

Vanquished Creatures
  A vampire knight (D)
  11 ogres (D)
  14 orcs (D)
26 creatures vanquished.

Notes
Turn   | Place    | Note
-------+----------+-------------------------------------------
     0 | D        | Found the +∞ Axe of Woe
     0 | D        | namelastname112 the Demonspawn Monk began the quest for the
                  | Orb.
     0 | D        | Reached XP level 1. HP: 18/18 MP: 1/1
     2 | D        | Noticed a bag of meat
     3 | D        | Noticed a bag of meat
     4 | D        | Became a worshipper of Makhleb the Destroyer
     4 | D        | Reached * piety under Makhleb
     4 | D        | Reached ** piety under Makhleb
    10 | D        | TheNamelessOne: снова флешлорд
    10 | D        | Killed a bag of meat
    10 | D        | Reached skill level 15 in Unarmed Combat
    10 | D        | Gained mutation: You are partially covered in iridescent
                  | scales. (AC +2) [demonic ancestry]
    10 | D        | Reached XP level 2. HP: 46/46 MP: 2/2
    10 | D        | namelastname112: чет меня хлеб не похилил
    10 | D        | namelastname112: или хз
    10 | D        | Gained mutation: You have sharp fingernails. [demonic
                  | ancestry]
    10 | D        | Reached XP level 3. HP: 52/52 MP: 3/3
    10 | D        | Gained mutation: You are mostly covered in iridescent
                  | scales. (AC +4) [demonic ancestry]
    10 | D        | Reached XP level 4. HP: 59/59 MP: 4/4
    10 | D        | Reached XP level 5. HP: 65/65 MP: 5/5
    10 | D        | Reached XP level 6. HP: 72/72 MP: 6/6
    10 | D        | Reached XP level 7. HP: 79/79 MP: 7/7
    10 | D        | Reached XP level 8. HP: 86/86 MP: 8/8
    10 | D        | Gained mutation: You have very sharp fingernails. [demonic
                  | ancestry]
    10 | D        | Reached XP level 9. HP: 92/92 MP: 9/9
    10 | D        | Gained mutation: You have claws for hands. [demonic
                  | ancestry]
    10 | D        | Reached XP level 10. HP: 99/99 MP: 10/10
    10 | D        | Gained mutation: You are partially covered in sharp spines.
                  | [demonic ancestry]
    10 | D        | Reached XP level 11. HP: 105/105 MP: 11/11
    10 | D        | Noticed a meat berserker
    10 | D        | Noticed a meat berserker
    11 | D        | Noticed a bag of meat
    11 | D        | Noticed a meat berserker
    12 | D        | Killed a meat berserker
    12 | D        | Reached XP level 12. HP: 121/121 MP: 12/12
    12 | D        | Gained mutation: Your flesh is cold resistant. (rC+)
                  | [demonic ancestry]
    12 | D        | Reached XP level 13. HP: 127/127 MP: 13/13
    12 | D        | Noticed a meat berserker
    13 | D        | Killed a meat berserker
    13 | D        | Gained mutation: You are completely covered in iridescent
                  | scales. (AC +6) [demonic ancestry]
    13 | D        | Reached XP level 14. HP: 141/141 MP: 14/14
    13 | D        | Killed a meat berserker
    13 | D        | Reached *** piety under Makhleb
    13 | D        | Reached skill level 10 in Axes
    13 | D        | Reached skill level 10 in Stealth
    13 | D        | Gained mutation: You are robust. (+10% HP) [demonic
                  | ancestry]
    13 | D        | Reached XP level 15. HP: 146/167 MP: 15/15
    13 | D        | Noticed a meat berserker
    14 | D        | Killed a meat berserker
    14 | D        | Reached XP level 16. HP: 107/180 MP: 16/16
    14 | D        | Noticed a meat berserker
    15 | D        | TheNamelessOne: просто лорд ваншотнул
    17 | D        | Noticed a meat berserker
    18 | D        | Killed a meat berserker
    18 | D        | Reached **** piety under Makhleb
    18 | D        | Reached skill level 27 in Fighting
    18 | D        | Reached skill level 15 in Axes
    18 | D        | Gained mutation: You are immune to freezing clouds.
                  | [demonic ancestry]
    18 | D        | Reached XP level 17. HP: 191/191 MP: 17/17
    19 | D        | Killed a meat berserker
    19 | D        | Reached skill level 27 in Unarmed Combat
    21 | D        | Noticed a meat berserker
    23 | D        | Killed a meat berserker
    23 | D        | Reached skill level 27 in Dodging
    23 | D        | Reached skill level 15 in Stealth
    23 | D        | Gained mutation: You are very robust. (+20% HP) [demonic
                  | ancestry]
    23 | D        | Reached XP level 18. HP: 191/218 MP: 18/18
    24 | D        | Killed a meat berserker
    24 | D        | Reached ***** piety under Makhleb
    25 | D        | Reached skill level 27 in Axes
    26 | D        | Reached XP level 19. HP: 226/226 MP: 19/19
    27 | D        | Noticed a meat berserker
    28 | D        | Noticed a meat berserker
    29 | D        | Reached skill level 27 in Stealth
    29 | D        | Noticed The Servant
    30 | D        | Noticed a destroyer
    31 | D        | Reached skill level 10 in Throwing
    31 | D        | Reached skill level 10 in Armour
    31 | D        | Reached skill level 10 in Spellcasting
    31 | D        | Killed a meat berserker
    31 | D        | Reached ****** piety under Makhleb
    31 | D        | Gained mutation: You are mostly covered in sharp spines.
                  | [demonic ancestry]
    31 | D        | Reached XP level 20. HP: 236/236 MP: 19/38
    31 | D        | Noticed a destroyer
    32 | D        | Reached skill level 15 in Throwing
    32 | D        | Reached skill level 15 in Armour
    32 | D        | Reached skill level 15 in Spellcasting
    32 | D        | Noticed a destroyer
    33 | D        | Killed a meat berserker
    33 | D        | Noticed a destroyer
    33 | D        | Noticed a meat berserker
    34 | D        | Noticed a meat berserker
    34 | D        | Noticed a destroyer
    35 | D        | Noticed a large bag of meat
    35 | D        | TheNamelessOne: мб даже дважді пробил
    35 | D        | Noticed a meat berserker
    36 | D        | Reached XP level 21. HP: 181/244 MP: 20/44
    36 | D        | Noticed a large bag of meat
    37 | D        | Reached skill level 27 in Invocations
    37 | D        | Killed a destroyer
    38 | D        | Reached XP level 22. HP: 254/254 MP: 20/50
    39 | D        | Annihilated by a destroyer

Vault maps used:
D:        meatsprint

Skill      XL: |  1  2  3  4  5  6  7  8  9 10 11 12 13 14 15 16 17 18 19 20 21 22 |
---------------+-------------------------------------------------------------------+-----
Fighting       | 16 20 22 24 25 27 | 27.0
Axes           | 3 6 8 10 12 15 22 27 | 27.0
Dodging        | 14 18 20 21 22 25 27 | 27.0
Stealth        | 7 8 9 10 11 12 15 23 27 | 27.0
Unarmed Combat | 15 18 20 22 23 25 27 | 27.0
Throwing       | 14 19 24 25 | 25.7
Armour         | 14 19 24 25 | 25.5
Spellcasting   | 14 19 24 25 | 25.5
Invocations    | 18 25 27 | 27.0

Action                   |  1- 3 |  4- 6 |  7- 9 | 10-12 | 13-15 | 16-18 | 19-21 | 22-24 || total
-------------------------+-------+-------+-------+-------+-------+-------+-------+-------++-------
Melee: Executioner's axe |     1 |       |       |     1 |     2 |     7 |     9 |       ||    20
Dodge: Dodged            |       |       |       |       |     1 |       |       |     1 ||     2

Table legend:
 A = Non-vault XP
 B = Vault XP
 C = Vault XP percentage of total XP
 D = Non-vault monster count
 E = Vault monster count
 F = Vault count percentage of total count
                 A         B        C        D         E       F
            +---------+---------+-------+---------+---------+-------
      Total |  362200 |  372445 |  50.7 |      11 |      15 |  57.7
            +---------+---------+-------+---------+---------+-------
          D |  362200 |  372445 |  50.7 |      11 |      15 |  57.7
            +---------+---------+-------+---------+---------+-------
